 Dungeon Crawl Stone Soup version 0.31-a0-182-gc5ef74bbde (webtiles) character file.

Game seed: 2643681891119381441

431 rabbitsville the Trooper (level 7, 0/63 HPs)
             Began as a Hill Orc Fighter on June 21, 2023.
             Slain by a hobgoblin (3 damage)
             ... on level 4 of the Dungeon.
             The game lasted 00:10:15 (3770 turns).

rabbitsville the Trooper (Hill Orc Fighter)         Turns: 3770, Time: 00:10:15

Health: 0/63       AC:  0    Str: 21    XL:     7   Next: 0%
Magic:  7/7        EV: 11    Int:  8    God:
Gold:   259        SH:  5    Dex: 10    Spells: 6/6 levels left

rFire   . . .        a - +0 war axe
rCold   . . .        c - +0 buckler
rNeg    . . .        (no body armour)
rPois   .            (no helmet)
rElec   .            (no cloak)
rCorr   .            (no gloves)
SInv    .            (no boots)
Will    .....        (no amulet)
Stlth   +            (no ring)
HPRegen 0.30/turn    (no ring)
MPRegen 0.10/turn

%: no passive effects
@: no status effects
A: no striking features
a: no special abilities


You were on level 4 of the Dungeon.
You visited 1 branch of the dungeon, and saw 4 of its levels.
You also visited: Sewer.

You collected 259 gold pieces.

Inventory:

Hand Weapons
 a - a +0 war axe (weapon)
 b - the +8 sling of Slow Death {heavy, Str+4}
   (You found it on level 3 of the Dungeon)

   Str:       It affects your strength (+4).
Armour
 c - a +0 buckler (worn)
 u - a +0 scale mail
 w - a +0 plate armour
Jewellery
 h - a ring of magical power
Wands
 k - a wand of acid (7) (quivered)
 s - a wand of roots (8)
Scrolls
 e - 2 scrolls of torment {unknown}
 f - 3 scrolls of identify {unknown}
 g - 3 scrolls of revelation {unknown}
 i - a scroll of immolation {unknown}
 l - a scroll of noise {unknown}
 m - a scroll of vulnerability {unknown}
 n - a scroll of fog {unknown}
 o - a scroll of amnesia {unknown}
 r - a scroll of teleportation {unknown}
 t - a scroll of blinking {unknown}
 v - a scroll of enchant weapon {unknown}
Potions
 d - 2 potions of might
 j - 4 potions of enlightenment
 p - a potion of mutation {unknown}
 q - a potion of heal wounds {unknown}


   Skills:
 + Level 6.1 Fighting
 + Level 5.9 Axes
 - Level 3.2 Armour
 + Level 5.4 Shields


You had 6 spell levels left.
You didn't know any spells.
Your spell library was empty.

Dungeon Overview and Level Annotations

Branches:
Dungeon (4/15)              Sewer (visited)
 Temple: D:4-7

Altars:


Message History

You start putting on your armour.
You continue putting on your +0 plate armour.
The gnoll hits you from afar with a +0 halberd!
Keep equipping yourself?
You stop putting on your armour.
A hobgoblin comes into view.
The hobgoblin shouts!
You block the gnoll's attack.
You barely miss the gnoll. The gnoll hits you with a +0 halberd!
You hit the gnoll.
The gnoll is heavily wounded.
The gnoll hits you with a +0 halberd! The gnoll hits you with a +0 halberd.
You barely miss the gnoll.
The gnoll is heavily wounded.
You block the gnoll's attack.
You hit the gnoll.
The gnoll is heavily wounded.
You closely miss the hobgoblin. The gnoll closely misses you.
The hobgoblin misses you.
You hit the gnoll.
The gnoll is severely wounded.
You barely miss the hobgoblin. The gnoll hits you with a +0 halberd!
* * * LOW HITPOINT WARNING * * *
The hobgoblin hits you.
* * * LOW HITPOINT WARNING * * *
The hobgoblin hits you.
* * * LOW HITPOINT WARNING * * *
You block the gnoll's attack.
You barely miss the gnoll.
The gnoll is severely wounded.
You closely miss the hobgoblin. The gnoll misses you. The hobgoblin hits you.
* * * LOW HITPOINT WARNING * * *
Aiming: Corrosive Bolt
Press: ? - help, Q - select action, (/) - cycle Shift-Dir - straight line, f - gnoll
Aim: a gnoll, wielding a +0 halberd (severely wounded, 75% to hit)
The bolt of acid hits the gnoll!
The acid corrodes the gnoll!
You kill the gnoll!
You hear a shout!
The hobgoblin hits you.
You die...

....# ..... . ...# .... # #..#
####.#### ####..# #.......#
##.... #.......# ##.#.#
#....#..##### # .....#
##..#.....g..##.#
.....###...#....@).....#
##.......#####...##.#### #
..##.###...#.....##.######## ..
.......#...#...####........##.#
..##.#.#.#...........#).......#
.....#.#.##....#####.#...#<###
....## #.......# #.##.g..#
..#.# ####...## #.####..# ..#.#
#...# #.####..######


You could see a hobgoblin.

Vanquished Creatures
  2 hounds
  An iguana (D:3)
  2 orc wizards (D:3)
  5 gnolls
  10 adders
  6 river rats
  2 worms
  A dart slug (D:2)
  An orc (D:3)
  15 ball pythons
  4 endoplasms
  3 giant cockroaches
  7 goblins
  14 hobgoblins
  6 jackals
  A quokka (D:1)
  18 bats
  A frilled lizard (Sewer)
  10 kobolds
  8 rats
117 creatures vanquished.

Notes
Turn   | Place    | Note
-------+----------+-------------------------------------------
     0 | D:1      | rabbitsville the Hill Orc Fighter began the quest for the
                  | Orb.
     0 | D:1      | Reached XP level 1. HP: 19/19 MP: 1/1
    78 | D:1      | Reached XP level 2. HP: 27/27 MP: 2/2
   190 | D:1      | Reached skill level 4 in Fighting
   311 | D:1      | Reached XP level 3. HP: 33/33 MP: 3/3
  1065 | D:2      | Reached XP level 4. HP: 41/41 MP: 4/4
  1944 | D:3      | Reached XP level 5. HP: 32/47 MP: 5/5
  1955 | D:3      | Reached skill level 5 in Fighting
  1962 | D:3      | Found a glowing drain.
  2005 | Sewer    | Entered a sewer
  2374 | Sewer    | Reached skill level 5 in Axes
  2434 | Sewer    | Reached XP level 6. HP: 51/56 MP: 6/6
  2489 | Sewer    | Reached skill level 5 in Shields
  3096 | D:3      | You fall into a shaft and drop 1 floor!
  3288 | D:3      | Identified the +8 sling of Slow Death {heavy, Str+4}
  3648 | D:4      | Reached skill level 6 in Fighting
  3755 | D:4      | Reached XP level 7. HP: 53/63 MP: 7/7
  3769 | D:4      | HP: 3/63 [hobgoblin (4)]
  3770 | D:4      | Slain by a hobgoblin

Illustrated notes

Levels and vault maps discovered:
D:1:      ebering_hopf_link, layout_basic
D:2:      layout_basic
D:3:      minmay_general_purpose_star, layout_loops_ring, portal_sewer_entry_c
D:4:      layout_loops_cross

Skill      XL: |  1  2  3  4  5  6 |
---------------+-------------------+-----
Axes           | 3 4 5 |  5.9
Fighting       | 4 5 6 |  6.1
Shields        | 4 5 |  5.4
Armour         | |  3.2

Action                     |  1- 3 |  4- 6 |  7- 9 || total
---------------------------+-------+-------+-------++-------
  Melee: War axe           |   102 |   218 |     6 ||   326
   Fire: Sling             |       |     6 |       ||     6
  Evoke: Wand              |       |       |     1 ||     1
    Use: Potion            |       |     3 |       ||     3
 Armour: Scale mail        |    67 |   132 |       ||   199
  Dodge: Dodged            |    59 |   145 |     5 ||   209
  Block: Buckler           |    24 |    65 |     3 ||    92

Table legend: (Time is in decaauts)
 A = Elapsed time spent in this place.
 B = Non-inter-level travel time spent in this place.
 C = Inter-level travel time spent in this place.
 D = Time resting spent in this place.
 E = Time spent auto-exploring this place.
 F = Levels seen in this place.
 G = Mean time per level.
                   A        B        C        D        E       F      G
               +--------+--------+--------+--------+--------+-----+--------+
         Total |   4018 |   3904 |    114 |      0 |   2604 |   5 |  803.6 |
       Dungeon |   3017 |   2903 |    114 |      0 |   2245 |   4 |  754.2 |
         Sewer |   1000 |   1000 |      0 |      0 |    359 |   1 | 1000.0 |
               +--------+--------+--------+--------+--------+-----+--------+

Top non-repeatable levels by time:
     D:2: 1176 daAuts
   Sewer: 1000 daAuts
     D:3: 885 daAuts
     D:1: 758 daAuts
     D:4: 197 daAuts
